 Dungeon Crawl Stone Soup version 0.27.0-1-g7a089689b8 (webtiles) character file.

Game seed: 6460922216836458004

232 pkoi the Ruffian (level 5, -1/67 HPs)
             Began as a Draconian Monk on Aug 10, 2021.
             Slain by a quasit (2 damage)
             ... summoned by Xom
             ... on level 4 of the Dungeon.
             The game lasted 00:02:33 (2428 turns).

pkoi the Ruffian (Draconian Monk)                   Turns: 2428, Time: 00:02:33

Health: -1/67      AC: 22    Str: 13 (14) XL:     5   Next: 73%
Magic:  5/5        EV:  2    Int: 11      God:
Gold:   118        SH:  0    Dex: 13      Spells: 4/4 levels left

rFire    . . .     SeeInvis .     - Unarmed
rCold    . . .     Faith    .   (no shield)
rNeg     + + +     Spirit   .   (armour unavailable)
rPois    +         Reflect  .   (helmet currently unavailable)
rElec    .         Harm     .   (cloak currently unavailable)
rCorr    .         Rampage  .   (gloves currently unavailable)
Will     .....     NoTele   +   (boots currently unavailable)
Stlth    ++........             (no amulet)
HPRegen  0.21/turn              (no ring)
MPRegen  0.09/turn              (no ring)

@: tree-form (expiring), unable to read
A: stationary, stasis, torment immunity, boosted hp, AC +5, unfitting armour,
(cold-blooded), deterioration 1, inability to read while threatened
a: no special abilities


You were on level 4 of the Dungeon.
You were a tree.
You visited 1 branch of the dungeon, and saw 4 of its levels.

You collected 118 gold pieces.

Inventory:

Missiles
 h - 2 throwing nets (quivered)
Armour
 f - a +2 pair of gloves (melded)
Jewellery
 b - a ring of fire
Wands
 a - a wand of digging (8)
Scrolls
 c - a scroll of vulnerability {unknown}
 d - 2 scrolls of teleportation
 i - a scroll of fear {unknown}
 k - 3 scrolls of identify {unknown}
Potions
 e - a potion of mutation {unknown}
 g - a potion of might {unknown}
 j - a potion of lignification
 l - a potion of flight {unknown}


   Skills:
 - Level 3.2 Fighting
 - Level 2.6 Dodging
 - Level 1.7 Stealth
 + Level 6.5 Unarmed Combat


You had 4 spell levels left.
You didn't know any spells.
Your spell library contained the following spells:

 Spells                   Type           Power      Damage    Failure   Level
 Shock                    Conj/Air       0%         1d3       34%         1
 Portal Projectile        Hex/Tloc       0%         N/A       71%         3
 Blade Hands              Tmut           0%         N/A       100%        5
 Excruciating Wounds      Necr           0%         N/A       100%        5


Dungeon Overview and Level Annotations

Branches:
Dungeon (4/15)
 Temple: D:4-7

Altars:
Xom

Shops:
D:2 [[:


Innate Abilities, Weirdness & Mutations

You are a tree.
Your roots penetrate the ground, keeping you stationary.
You cannot be teleported.
You are immune to unholy pain and torment.
Your maximum health is greatly increased.
Your equipment is partially melded.
((Your plain brown scales are hard. (AC +5)))
You cannot fit into any form of body armour.
((You are cold-blooded and may be slowed by cold attacks.))
Your body sometimes deteriorates upon taking damage.
You sometimes lose the ability to read scrolls when taking damage.


Message History

It was a potion of lignification.
You turn into a tree.
Your +2 pair of gloves melds into your body.
Your roots penetrate the ground.
You hit the ogre.
The ogre is heavily wounded.
The ogre hits you with a +0 giant spiked club!
* * * LOW HITPOINT WARNING * * *
You smack the ogre!
The ogre is almost dead.
The ogre hits you but does no damage.
You hit the ogre.
The ogre is almost dead.
You smack the ogre!
You kill the ogre!
You feel your dexterity returning.
Your Unarmed Combat skill increases to level 6!
You start resting.
You can read scrolls again.
You start resting.
A hobgoblin comes into view.
A hobgoblin is nearby!
Your transformation is almost over.
You start resting.
You hear Xom's maniacal laughter.
There are monsters nearby!
There are monsters nearby!
The quasit bites you but does no damage.
The quasit claws you but does no damage. x2
The neqoxec hits you.
* * * LOW HITPOINT WARNING * * *
The white imp sputters.
The crimson imp hits you but does no damage.
The quasit bites you but does no damage.
The quasit claws you but does no damage. x2
The neqoxec hits you.
You feel threatened and lose the ability to read scrolls!
* * * LOW HITPOINT WARNING * * *
The crimson imp hits you but does no damage.
The quasit bites you.
You die...

#.. .. .. $#
##.# #35 ##3#
#######5♣####..#
......55535g...#
######5#####...
#######..#
#######.......##
#.........#####
#.........#
#.).......#
#.........#


You could see a sun demon (summoned), a smoke demon (summoned), a neqoxec
(summoned), 2 quasits, a crimson imp (summoned), a white imp (summoned), 3
shadow imps and a hobgoblin (wandering).

Vanquished Creatures
  A necrophage (D:3)
  An ogre (D:4)
  2 adders (D:2)
  A dart slug (D:1)
  3 orcs (D:3)
  5 ball pythons
  An endoplasm (D:3)
  A giant cockroach (D:2)
  A goblin (D:1)
  2 hobgoblins
  4 jackals (D:2)
  A quokka (D:1)
  4 bats
  A frilled lizard (D:3)
  2 kobolds (D:1)
  5 rats
35 creatures vanquished.

Vanquished Creatures (others)
  2 fungi (D:2)
  5 plants (D:2)
7 creatures vanquished.

Grand Total: 42 creatures vanquished

Notes
Turn   | Place    | Note
-------+----------+-------------------------------------------
     0 | D:1      | pkoi the Draconian Monk began the quest for the Orb.
     0 | D:1      | Reached XP level 1. HP: 19/19 MP: 1/1
   122 | D:1      | Reached XP level 2. HP: 22/26 MP: 2/2
   699 | D:2      | Reached skill level 4 in Unarmed Combat
   800 | D:2      | Found Hufomp's Distillery.
   821 | D:2      | Found Vutox's Book Boutique.
   975 | D:2      | Found Bomp's Antique Armour Boutique.
  1126 | D:2      | Found Feom's Antique Armour Boutique.
  1250 | D:2      | Found a faded altar of an unknown god.
  1258 | D:2      | Got Plato's Papyrus of Lightness
  1353 | D:2      | Became a worshipper of Xom the Fickle
  1363 | D:2      | Fell from the grace of Xom
  1378 | D:2      | Reached XP level 3. HP: 24/31 MP: 3/3
  1463 | D:2      | XOM: give mutations
  1463 | D:2      | Gained mutation: Your body sometimes deteriorates upon
                  | taking damage. [Xom's mischief]
  1463 | D:2      | Gained mutation: You sometimes lose the ability to read
                  | scrolls when taking damage. [Xom's mischief]
  1474 | D:2      | XOM: torment (14/31 hp)
  1700 | D:3      | Noticed a necrophage
  1716 | D:3      | Killed a necrophage
  1717 | D:3      | Reached skill level 5 in Unarmed Combat
  1717 | D:3      | Reached XP level 4. HP: 14/38 MP: 4/4
  1717 | D:3      | Reached XP level 5. HP: 17/45 MP: 5/5
  2386 | D:4      | Noticed an ogre
  2398 | D:4      | HP: 3/67 [ogre (13)]
  2401 | D:4      | Killed an ogre
  2402 | D:4      | Reached skill level 6 in Unarmed Combat
  2424 | D:4      | XOM: summons 10 hostile demons
  2425 | D:4      | Noticed a sun demon
  2425 | D:4      | Noticed a neqoxec
  2425 | D:4      | Noticed a smoke demon
  2427 | D:4      | HP: 1/67 [neqoxec[Xom] (6)]
  2428 | D:4      | Slain by a quasit

Illustrated notes

Levels and vault maps discovered:
D:1:      lightli_arrival_noodles, layout_loops_ring, kennysheep_doodads
D:2:      layout_basic, shapermc_ecumenical_altar_rom_forum, serial_shops, shop,
          shop, shop, shop
D:3:      layout_basic
D:4:      layout_rooms, gammafunk_temple_overflow_statue,
          kennysheep_generic_room_11

Skill      XL: |  1  2  3  4  5 |
---------------+----------------+-----
Unarmed Combat | 4 5 6 |  6.5
Fighting       | |  3.2
Dodging        | |  2.6
Stealth        | |  1.7

Action                   |  1- 3 |  4- 6 || total
-------------------------+-------+-------++-------
Melee: Unarmed           |   108 |    35 ||   143
       Tailslap          |    15 |     3 ||    18
       Punch             |     4 |       ||     4
Invok: Renounce Religion |     1 |       ||     1
  Use: Scroll            |     4 |       ||     4
       Potion            |       |     1 ||     1
 Stab: Sleeping          |     3 |     1 ||     4
Armor: Skin              |    47 |    17 ||    64
Dodge: Dodged            |    71 |    18 ||    89
